 Dungeon Crawl Stone Soup version 0.30-a0-373-gd37427bb62 (webtiles) character file.

Game seed: 5002412939604397857

1628 billz999 the Skirmisher (level 8, -5/60 (64) HPs)
             Began as a Gnoll Hunter on Nov 23, 2022.
             Slain by a wight
             ... wielding a +3 great sword of freezing
              (15 damage)
             ... on level 6 of the Dungeon.
             The game lasted 00:09:33 (5992 turns).

billz999 the Skirmisher (Gnoll Hunter)              Turns: 5992, Time: 00:09:33

HP:   -5/60 (64)    AC:  3    Str: 10    XL:     8   Next: 97%
MP:   13/13         EV: 15    Int:  9    God:
Gold: 205           SH:  0    Dex: 18    Spells: 14/14 levels left

rFire   + . .      SeeInvis +    z - +3 halberd
rCold   . . .      Faith    .    (shield currently unavailable)
rNeg    . . .      Spirit   .    c - +0 leather armour
rPois   .          Reflect  .    (no helmet)
rElec   .          Harm     .    (no cloak)
rCorr   .          Rampage  .    (no gloves)
Will    .....                    (no boots)
Stlth   +++.......               (no amulet)
HPRegen 0.30/turn                B - ring of see invisible
MPRegen 0.13/turn                w - ring of protection from fire

@: drained
A: fangs 1, strong nose, distributed training
a: no special abilities


You were on level 6 of the Dungeon.
You visited 1 branch of the dungeon, and saw 6 of its levels.

You collected 205 gold pieces.

Inventory:

Hand Weapons
 a - a +0 shortbow
 b - a +0 rapier of venom
 t - a +1 dagger of venom
 z - a +3 halberd (weapon)
 E - a +5 mace of freezing
Missiles
 e - 3 poisoned darts
 p - 3 throwing nets
Armour
 c - a +0 leather armour (worn)
Jewellery
 w - a ring of protection from fire (right hand)
 B - a ring of see invisible (left hand)
 C - the ring "Muustra" {rCorr Int+5 Dex-4}
   (You found it on level 6 of the Dungeon)

   [ring of resist corrosion]

   Int:       It affects your intelligence (+5).
   Dex:       It affects your dexterity (-4).
   rCorr:     It protects you from acid and corrosion.
Wands
 d - a wand of flame (10)
 u - a wand of iceblast (2)
 y - a wand of digging (4)
Scrolls
 j - 2 scrolls of enchant weapon
 l - 2 scrolls of teleportation
 n - a scroll of amnesia
 o - a scroll of fog
 q - a scroll of immolation
 v - a scroll of blinking
 A - a scroll of identify
 D - a scroll of enchant armour {unknown}
Potions
 f - a potion of ambrosia {unknown}
 g - 3 potions of heal wounds {unknown}
 h - a potion of berserk rage {unknown}
 i - a potion of attraction {unknown}
 k - 4 potions of mutation {unknown}
 m - a potion of might {unknown}
 r - 2 potions of flight {unknown}
 s - a potion of degeneration {unknown}
 x - 2 potions of cancellation {unknown}


   Skills:
 + Level 6.1 Fighting
 + Level 3.9 Short Blades
 + Level 3.9 Long Blades
 + Level 3.9 Axes
 + Level 3.9 Maces & Flails
 + Level 3.9 Polearms
 + Level 3.9 Staves
 + Level 9.4 Ranged Weapons
 + Level 3.9 Throwing
 + Level 3.9 Armour
 + Level 6.1 Dodging
 + Level 4.6 Stealth
 + Level 3.9 Shields
 + Level 3.9 Unarmed Combat
 + Level 3.9 Spellcasting
 + Level 3.2 Conjurations
 + Level 3.2 Hexes
 + Level 3.2 Summonings
 + Level 3.2 Necromancy
 + Level 3.2 Translocations
 + Level 3.2 Transmutations
 + Level 3.2 Fire Magic
 + Level 3.2 Ice Magic
 + Level 3.2 Air Magic
 + Level 3.2 Earth Magic
 + Level 3.2 Poison Magic
 + Level 4.2 Invocations
 + Level 3.9 Evocations


You had 14 spell levels left.
You didn't know any spells.
Your spell library contained the following spells:

 Spells                   Type           Power      Damage    Failure   Level
 Sandblast                Erth           14%        2d6       10%         1
 Blink                    Tloc           14%        N/A       14%         2
 Ensorcelled Hibernation  Hex/Ice        14%        N/A       14%         2
 Momentum Strike          Conj/Tloc      14%        3d8       14%         2
 Passwall                 Tmut/Erth      5%         N/A       14%         2
 Lesser Beckoning         Tloc           14%        N/A       28%         3
 Stone Arrow              Conj/Erth      14%        3d7       28%         3
 Swiftness                Air            7%         N/A       28%         3


Dungeon Overview and Level Annotations

Branches:
Dungeon (6/15)
 Temple: D:4-7

Altars:

Shops:
D:2 (   D:6 [


Innate Abilities, Weirdness & Mutations

You have very sharp teeth.
Your uncanny sense of smell can sniff out nearby items.
Your experience applies equally to all skills.


Message History

HP restored.
l - 2 scrolls of teleportation (gained 1)
You now have 205 gold pieces (gained 7).
Things that are here:
a +0 short sword; a +0 robe You hear the quick rusting of a very distant drain.
You hear the rapid hiss of a very distant avalanche of sand.
You open the door.
There is an open door here.
There is an open door here.
You hear the rapid rusting of a very distant drain.
You hear the rapid hiss of a very distant avalanche of sand.
You shoot an arrow. The arrow hits the wight.
The wight is moderately damaged.
You shoot an arrow.
The arrow hits the wight but does no damage.
The wight is moderately damaged.
You shoot an arrow.
The arrow hits the wight but does no damage.
The wight is moderately damaged.
z - a +3 halberd (weapon)
The wight misses you.
You hit the wight.
The wight is heavily damaged.
The wight closely misses you.
You slash the wight!
The wight is almost destroyed.
The wight barely misses you.
The wight hits you with a +3 great sword of freezing!!
The wight freezes you!
You closely miss the wight.
The wight is almost destroyed.
The wight hits you with a +3 great sword of freezing!!
* * * LOW HITPOINT WARNING * * *
The wight freezes you.
* * * LOW HITPOINT WARNING * * *
You barely miss the wight.
The wight is almost destroyed.
The wight hits you with a +3 great sword of freezing!
You die...

##........########....#...#.#
#........# #....#.....#
..........###### #....#..########
...#......##....##....#..<......#
... #.....##....##....#.........#
... #...........##....#)##......#
... #...........##.####.##.......
.. #.z##.......z#.#.......##+#.#
#..........@#.#.#...#....#.#
###...........#.#...#......# ...
#..<......#.#.#.......####
....###.#'#...#...#.#..###......
..................#.##......####
..............#...#.##..#####
........................#####∆
.............######....∩....#
.................##..##.....#


You could see a wight.

Vanquished Creatures
  Eustachio (D:5)
  An ogre (D:5)
  An ice beast (D:5)
  A centaur (D:6)
  A phantom (D:5)
  2 necrophages (D:4)
  4 scorpions
  5 wights (D:6)
  A howler monkey (D:5)
  A hound (D:5)
  2 jellies
  An orc priest (D:4)
  3 iguanas
  3 orc wizards
  4 gnolls (D:3)
  9 adders
  A shadow imp (D:6)
  2 worms
  2 dart slugs
  6 orcs
  7 bats
  8 endoplasms
  A giant cockroach (D:2)
  11 goblins
  8 hobgoblins
  12 jackals
  3 quokkas
  5 ball pythons
  6 frilled lizards
  7 kobolds
  5 rats
124 creatures vanquished.

Notes
Turn   | Place    | Note
-------+----------+-------------------------------------------
     0 | D:1      | billz999 the Gnoll Hunter began the quest for the Orb.
     0 | D:1      | Reached XP level 1. HP: 20/20 MP: 1/1
    47 | D:1      | Reached XP level 2. HP: 26/26 MP: 2/2
   156 | D:1      | You fall into a shaft and drop 1 floor!
   162 | D:2      | Found Fot Qevi's Weapon Shoppe.
   192 | D:2      | Reached XP level 3. HP: 31/31 MP: 2/4
   264 | D:2      | Reached skill level 1 in Invocations
   336 | D:2      | Reached skill level 1 in Short Blades
   336 | D:2      | Reached skill level 1 in Long Blades
   336 | D:2      | Reached skill level 1 in Axes
   336 | D:2      | Reached skill level 1 in Maces & Flails
   336 | D:2      | Reached skill level 1 in Polearms
   336 | D:2      | Reached skill level 1 in Staves
   336 | D:2      | Reached skill level 1 in Throwing
   336 | D:2      | Reached skill level 1 in Armour
   336 | D:2      | Reached skill level 1 in Shields
   336 | D:2      | Reached skill level 1 in Unarmed Combat
   336 | D:2      | Reached skill level 1 in Spellcasting
   336 | D:2      | Reached skill level 1 in Evocations
   494 | D:2      | Reached XP level 4. HP: 38/38 MP: 5/5
   677 | D:2      | Reached skill level 1 in Conjurations
   677 | D:2      | Reached skill level 1 in Hexes
   677 | D:2      | Reached skill level 1 in Summonings
   677 | D:2      | Reached skill level 1 in Necromancy
   677 | D:2      | Reached skill level 1 in Translocations
   677 | D:2      | Reached skill level 1 in Transmutations
   677 | D:2      | Reached skill level 1 in Fire Magic
   677 | D:2      | Reached skill level 1 in Ice Magic
   677 | D:2      | Reached skill level 1 in Air Magic
   677 | D:2      | Reached skill level 1 in Earth Magic
   677 | D:2      | Reached skill level 1 in Poison Magic
  1586 | D:3      | Reached XP level 5. HP: 43/43 MP: 5/7
  2044 | D:3      | Reached XP level 6. HP: 50/50 MP: 8/8
  2290 | D:3      | Reached skill level 5 in Fighting
  2290 | D:3      | Reached skill level 5 in Dodging
  3037 | D:4      | Reached XP level 7. HP: 52/56 MP: 10/10
  3473 | D:5      | Entered Level 5 of the Dungeon
  3616 | D:5      | Reached skill level 9 in Ranged Weapons
  4261 | D:5      | Noticed Eustachio
  4636 | D:5      | Reached XP level 8. HP: 55/63 MP: 12/12
  4813 | D:5      | Killed Eustachio
  5383 | D:6      | Found Boecheomn's Armour Shop.
  5508 | D:6      | Identified the ring "Muustra" {rCorr Int+5 Dex-4}
  5992 | D:6      | Slain by a wight

Illustrated notes

Levels and vault maps discovered:
D:1:      psy_arrival_whirlpool, layout_basic
D:2:      wad_crossroads, layout_loops_cross, serial_shops, shop
D:3:      minmay_skewed_foursquare, layout_basic, minivault_27
D:4:      layout_basic, kennysheep_decorative_pillar
D:5:      layout_basic, water_boxes_lemuel, uniq_eustachio
D:6:      layout_basic, kennysheep_little_box, tso_oasis_becter,
          cheibrodos_sewer_entry_bend, serial_shops, nicolae_square_shop,
          nicolae_ossuary_entry_monument

Skill      XL: |  1  2  3  4  5  6  7  8 |
---------------+-------------------------+-----
Invocations    | 1 2 3 4 |  4.2
Short Blades   | 1 2 3 |  3.9
Long Blades    | 1 2 3 |  3.9
Axes           | 1 2 3 |  3.9
Maces & Flails | 1 2 3 |  3.9
Polearms       | 1 2 3 |  3.9
Staves         | 1 2 3 |  3.9
Throwing       | 1 2 3 |  3.9
Armour         | 1 2 3 |  3.9
Shields        | 1 2 3 |  3.9
Unarmed Combat | 1 2 3 |  3.9
Spellcasting   | 1 2 3 |  3.9
Evocations     | 1 2 3 |  3.9
Conjurations   | 1 2 3 |  3.2
Hexes          | 1 2 3 |  3.2
Summonings     | 1 2 3 |  3.2
Necromancy     | 1 2 3 |  3.2
Translocations | 1 2 3 |  3.2
Transmutations | 1 2 3 |  3.2
Fire Magic     | 1 2 3 |  3.2
Ice Magic      | 1 2 3 |  3.2
Air Magic      | 1 2 3 |  3.2
Earth Magic    | 1 2 3 |  3.2
Poison Magic   | 1 2 3 |  3.2
Stealth        | 3 4 |  4.6
Fighting       | 5 6 |  6.1
Dodging        | 5 6 |  6.1
Ranged Weapons | 9 |  9.4

Action                   |  1- 3 |  4- 6 |  7- 9 || total
-------------------------+-------+-------+-------++-------
Melee: Dagger            |       |    32 |    20 ||    52
       Halberd           |       |     9 |    45 ||    54
       Bite              |       |     4 |    14 ||    18
       Punch             |       |     3 |     1 ||     4
       Mace              |       |       |    19 ||    19
       Rapier            |       |       |     5 ||     5
 Fire: Shortbow          |    67 |   165 |   107 ||   339
Evoke: Wand              |       |       |     4 ||     4
  Use: Scroll            |       |       |     6 ||     6
       Potion            |       |       |     3 ||     3
Armor: Leather armour    |     3 |    11 |    31 ||    45
Dodge: Dodged            |    19 |    57 |   107 ||   183

Table legend: (Time is in decaauts)
 A = Elapsed time spent in this place.
 B = Non-inter-level travel time spent in this place.
 C = Inter-level travel time spent in this place.
 D = Time resting spent in this place.
 E = Time spent auto-exploring this place.
 F = Levels seen in this place.
 G = Mean time per level.
                   A        B        C        D        E       F      G
               +--------+--------+--------+--------+--------+-----+--------+
         Total |   6033 |   5751 |    282 |    829 |   4021 |   6 | 1005.5 |
       Dungeon |   6033 |   5751 |    282 |    829 |   4021 |   6 | 1005.5 |
               +--------+--------+--------+--------+--------+-----+--------+

Top non-repeatable levels by time:
     D:5: 1857 daAuts
     D:4: 1079 daAuts
     D:3: 914 daAuts
     D:2: 866 daAuts
     D:6: 671 daAuts
     D:1: 644 daAuts
